 Dungeon Crawl Stone Soup version 0.30-a0-802-gb92711bcdf (webtiles) character file.

Game seed: 14152605447131886106

118 testman the Stinger (level 4, -4/30 HPs)
             Began as a Demonspawn Venom Mage on Feb 23, 2023.
             Slain by a gnoll
             ... wielding a +0 flail of holy wrath
              (10 damage)
             ... on level 3 of the Dungeon.
             The game lasted 00:12:20 (2189 turns).

testman the Stinger (Demonspawn Venom Mage)         Turns: 2189, Time: 00:12:21

Health: -4/30      AC:  2    Str:  9    XL:     4   Next: 72%
Magic:  3/7        EV: 12    Int: 18    God:
Gold:   121        SH:  4    Dex: 13    Spells: 1/7 levels left

rFire   . . .      SeeInvis .    g - +0 rapier
rCold   + . .      Faith    .    (no shield)
rNeg    . . .      Spirit   .    a - +0 robe
rPois   .          Reflect  .    (no helmet)
rElec   .          Harm     .    (no cloak)
rCorr   .          Rampage  .    (no gloves)
Will    .....                    (no boots)
Stlth   ++                       (no amulet)
HPRegen 0.25/turn                f - ring of protection from cold
MPRegen 0.20/turn                (no ring)

@: very slightly contaminated
A: magic regeneration, condensation shield
a: no special abilities


You were on level 3 of the Dungeon.
You visited 1 branch of the dungeon, and saw 3 of its levels.

You collected 121 gold pieces.

Inventory:

Hand Weapons
 g - a +0 rapier (weapon)
Missiles
 b - 5 javelins
Armour
 a - a +0 robe (worn)
Jewellery
 f - a ring of protection from cold (left hand)
 j - an amulet of reflection
Scrolls
 c - 2 scrolls of poison
 e - 3 scrolls of vulnerability
 h - 2 scrolls of fog
 l - a scroll of brand weapon
Potions
 d - 3 potions of curing
 i - a potion of brilliance
 m - a potion of heal wounds
 n - a potion of berserk rage


   Skills:
 - Level 1.7 Dodging
 - Level 1.7 Stealth
 - Level 2.0 Spellcasting
 + Level 2.6 Conjurations
 - Level 1.0 Transmutations
 - Level 3.0 Air Magic
 - Level 3.0 Poison Magic


You had one spell level left.
You knew the following spells:

 Your Spells              Type           Power      Damage    Failure   Level
a - Sting                 Tmut/Pois      36%        1d4       8%          1
b - Poisonous Vapours     Pois/Air       24%        N/A       8%          2
c - Mephitic Cloud        Conj/Pois/Air  12%        N/A       17%         3

Your spell library contained the following spells:

 Spells                   Type           Power      Damage    Failure   Level
 Magic Dart               Conj           44%        1d5       6%          1
 Kiss of Death            Conj/Necr      24%        2d7       11%         1
 Searing Ray              Conj           22%        2d5       9%          2
 Olgreb's Toxic Radiance  Pois           12%        N/A       45%         4
 Confusing Touch          Hex            1%         N/A       47%         3
 Fulminant Prism          Conj/Hex       3%         3d5       71%         4
 Dispel Undead            Necr           1%         3d6       87%         4


Dungeon Overview and Level Annotations

Branches:
Dungeon (3/15)

Altars:

Annotations:
D:3 2 runed translucent doors


Innate Abilities, Weirdness & Mutations

You regenerate magic rapidly.
A meltable shield of frost defends you. (SH +4)


Message History

You closely miss the gnoll.
The gnoll is almost dead.
The gnoll shouts!
You kill the gnoll!
Found a runed translucent gate.
Aiming: Sting (safe; 8% risk of failure)
Press: ? - help, Q - select action, (/) - cycle Shift-Dir - straight line, f - gnoll
Aim: a gnoll, wielding a +0 flail of holy wrath (72% to hit)
You miscast Sting.
You are very lightly contaminated with residual magic.
Nothing appears to happen.
The gnoll barely misses you.
Aiming: Sting (safe; 8% risk of failure)
Press: ? - help, Q - select action, (/) - cycle Shift-Dir - straight line, f/p - gnoll
Aim: a gnoll, wielding a +0 flail of holy wrath (72% to hit)
The sting hits the gnoll.
The gnoll is poisoned.
The gnoll is lightly wounded.
You hear the slow rusting of a very distant drain.
The gnoll barely misses you.
Aiming: Sting (safe; 8% risk of failure)
Press: ? - help, Q - select action, (/) - cycle Shift-Dir - straight line, f/p - gnoll
Aim: a gnoll, wielding a +0 flail of holy wrath (moderately wounded, poisoned, 72% to hit)
The sting hits the gnoll.
The gnoll looks even sicker.
The gnoll is moderately wounded.
The gnoll misses you.
You hit the gnoll.
The gnoll is heavily wounded.
The gnoll hits you with a +0 flail of holy wrath!
You convulse!
* * * LOW HITPOINT WARNING * * *
You barely miss the gnoll.
The gnoll is heavily wounded.
The gnoll closely misses you.
You hit the gnoll.
The gnoll is severely wounded.
The gnoll closely misses you.
You closely miss the gnoll.
The gnoll is severely wounded.
The gnoll hits you with a +0 flail of holy wrath!
You die...

#.............#
#.#########.#.#
# #.####.#
#.#.####
#......#
#.......
######.#
###..### #.#
#....## #g#
##...## #g#
#....# #@#
#.....
#....+...
#...#.
###..+...
#####. ..#...
## .#... ##P⌠P
###


You could see 2 gnolls.

Vanquished Creatures
  2 gnolls (D:3)
  5 adders (D:2)
  2 worms (D:2)
  2 endoplasms
  A giant cockroach (D:1)
  2 goblins (D:1)
  7 hobgoblins
  4 jackals (D:2)
  2 quokkas (D:2)
  4 ball pythons (D:2)
  9 bats
  3 frilled lizards
  4 kobolds (D:2)
  5 rats
52 creatures vanquished.

Notes
Turn   | Place    | Note
-------+----------+-------------------------------------------
     0 | D:1      | testman the Demonspawn Venom Mage began the quest for the
                  | Orb.
     0 | D:1      | Reached XP level 1. HP: 13/13 MP: 3/3
    27 | D:1      | Reached skill level 1 in Transmutations
   153 | D:1      | Reached skill level 1 in Air Magic
   198 | D:1      | Gained mutation: A meltable shield of frost defends you.
                  | (SH +4) [demonic ancestry]
   198 | D:1      | Reached XP level 2. HP: 19/19 MP: 5/5
   201 | D:1      | Learned a level 2 spell: Poisonous Vapours
   718 | D:2      | Reached XP level 3. HP: 6/24 MP: 4/6
   725 | D:2      | Learned a level 3 spell: Mephitic Cloud
  1312 | D:2      | Reached skill level 1 in Conjurations
  1312 | D:2      | Gained mutation: You regenerate magic rapidly. [demonic
                  | ancestry]
  1312 | D:2      | Reached XP level 4. HP: 28/30 MP: 7/7
  2153 | D:3      | Noticed a necrophage
  2182 | D:3      | Found a runed translucent gate.
  2182 | D:3      | Found a runed translucent gate.
  2189 | D:3      | Slain by a gnoll

Illustrated notes

Levels and vault maps discovered:
D:1:      dpeg_arrival_rooms_c, layout_loops_ring
D:2:      minmay_razor_zed, layout_basic
D:3:      layout_basic, mainiacjoe_overflow_brackets, gammafunk_ghost_cemetery,
          ebering_ecumenical_altar_mist, cheibrodos_sewer_entry_bend, uniq_robin

Skill      XL: |  1  2  3  4 |
---------------+-------------+-----
Transmutations | 1 |  1.0
Air Magic      | 1 2 3 |  3.0
Conjurations   | 1 2 |  2.6
Dodging        | |  1.7
Stealth        | |  1.7
Spellcasting   | |  2.0
Poison Magic   | |  3.0

Action                     |  1- 3 |  4- 6 || total
---------------------------+-------+-------++-------
  Melee: Rapier            |    60 |    52 ||   112
         Dagger            |     3 |       ||     3
   Cast: Sting             |    23 |    19 ||    42
         Poisonous Vapours |     4 |       ||     4
    Use: Potion            |     2 |       ||     2
         Scroll            |       |     7 ||     7
   Stab: Sleeping          |     3 |     1 ||     4
 Armour: Robe              |    16 |     8 ||    24
  Dodge: Dodged            |    53 |    43 ||    96
  Block: Other             |    14 |     5 ||    19

Table legend: (Time is in decaauts)
 A = Elapsed time spent in this place.
 B = Non-inter-level travel time spent in this place.
 C = Inter-level travel time spent in this place.
 D = Time resting spent in this place.
 E = Time spent auto-exploring this place.
 F = Levels seen in this place.
 G = Mean time per level.
                   A        B        C        D        E       F      G
               +--------+--------+--------+--------+--------+-----+--------+
         Total |   2209 |   2164 |     45 |      0 |   1676 |   3 |  736.3 |
       Dungeon |   2209 |   2164 |     45 |      0 |   1676 |   3 |  736.3 |
               +--------+--------+--------+--------+--------+-----+--------+

Top non-repeatable levels by time:
     D:2: 1390 daAuts
     D:1: 662 daAuts
     D:3: 156 daAuts
